 Dungeon Crawl Stone Soup version 0.31-a0-166-g46f44d267d (webtiles) character file.

Game seed: 6623074041178760507

30059 NoAnimeNoLife the Stormcaller (level 13, -1/63 HPs)
             Began as a Vine Stalker Air Elementalist on June 14, 2023.
             Was an Elder of Ashenzari.
             Slain by a redback (8 damage)
             ... in a Gauntlet.
             The game lasted 00:25:24 (24393 turns).

NoAnimeNoLife the Stormcaller (VSAE)               Turns: 24393, Time: 00:25:24

Health: -1/63      AC: 10    Str: 11    XL:     13   Next: 49%
Magic:  0/27       EV: 14    Int: 22    God:    Ashenzari [****..]
Gold:   1032       SH:  0    Dex: 16    Spells: 21/31 levels left

rFire   x . .        b - +3 whip of the Sidereal Augur {elec, Fort, Evo} (curse)
rCold   + . .        (no shield)
rNeg    . . .        a - +0 robe "All-seeing Henotheism" {Comp, Alch} (curse)
rPois   +            h - +2 hat {Int+3}
rElec   .            E - +0 cloak "Mantic Desperation" {Range, Comp} (curse)
rCorr   .            n - +2 pair of gloves "Share My Chagrin" {Alch, Range} (curse)
SInv    +            (no boots)
Will    +....        f - amulet of Ashenzari's Jealousy {Acrobat, Fort, Alch} (curse)
Stlth   +++          G - ring of ice
HPRegen 1.10/turn    j - ring "Omniscient Annoyance" {rPois, Evo, Alch} (curse)
MPRegen 0.20/turn

%: no teleportation, acrobat, clarity, guardian spirit
@: unable to drink
A: fangs 3, regeneration 1, magic shield, antimagic bite, no potion heal 2,
iridescent scales 1, inability to drink after injury 1
a: Renounce Religion, Shatter the Chains


You were in a Gauntlet.
You worshipped Ashenzari.
Ashenzari was greatly pleased with you.
You visited 4 branches of the dungeon, and saw 16 of its levels.
You also visited: Gauntlet.

You collected 1032 gold pieces.

Inventory:

Hand Weapons
 b - the cursed +3 whip of the Sidereal Augur (weapon) {elec, Fort, Evo}
   (You took it off Pikel on level 5 of the Dungeon)

   It has a curse which improves the following skills: Fortitude: Armour and
   Shields.
   Evocations: Evocations.
 d - a +0 dagger of venom
Missiles
 r - a throwing net
Armour
 a - the cursed +0 robe "All-seeing Henotheism" (worn) {Comp, Alch}

   It has a curse which improves the following skills: Companions: Summonings
   and Necromancy.
   Alchemy:   Poison Magic and Transmutations.
 h - a +2 hat of intelligence (worn)
 n - the cursed +2 pair of gloves "Share My Chagrin" (worn) {Alch, Range}
   (You found it on level 3 of the Dungeon)

   It has a curse which improves the following skills: Alchemy: Poison Magic and
   Transmutations.
   Ranged Combat: Ranged Weapons and Throwing.
 v - a +0 hat
 E - the cursed +0 cloak "Mantic Desperation" (worn) {Range, Comp}
   (You found it on level 7 of the Dungeon)

   It has a curse which improves the following skills: Ranged Combat: Ranged
   Weapons and Throwing.
   Companions: Summonings and Necromancy.
 O - a +1 cloak
Magical Staves
 M - a staff of conjuration
Jewellery
 e - a ring of fire
 f - the cursed amulet of Ashenzari's Jealousy (around neck) {Acrobat, Fort, Alch}
   (You found it on level 1 of the Dungeon)

   [amulet of the acrobat]

   It increases your evasion while moving and waiting.
   It has a curse which improves the following skills: Fortitude: Armour and
   Shields.
   Alchemy:   Poison Magic and Transmutations.
 j - the cursed ring "Omniscient Annoyance" (right hand) {rPois, Evo, Alch}
   (You found it on level 1 of the Dungeon)

   [ring of poison resistance]

   rPois:     It protects you from poison.
   It has a curse which improves the following skills: Evocations: Evocations.
   Alchemy:   Poison Magic and Transmutations.
 l - a +6 ring of strength
 m - a ring of resist corrosion
 q - an amulet of reflection
 G - a ring of ice (left hand)
 H - an amulet of regeneration
 K - a ring of willpower
Wands
 s - a wand of quicksilver (4)
 x - a wand of iceblast (13)
 B - a wand of mindburst (11)
 D - a wand of polymorph (30)
 Q - a wand of flame (17)
Scrolls
 c - 3 scrolls of teleportation
 u - 5 scrolls of poison
 y - a scroll of silence
 C - 2 scrolls of vulnerability
 I - a scroll of blinking
Potions
 g - a potion of might
 i - 2 potions of cancellation
 k - 7 potions of curing
 o - 6 potions of heal wounds
 p - 4 potions of brilliance
 t - 4 potions of berserk rage
 w - 3 potions of degeneration
 z - 3 potions of lignification
 A - a potion of resistance
 F - 3 potions of enlightenment
 J - a potion of magic
 N - 3 potions of ambrosia
 P - 2 potions of haste
Miscellaneous
 L - a phantom mirror
 R - a box of beasts


   Skills:
 - Level 4.5 Fighting
 - Level 4.5 Dodging
 - Level 3.8 Stealth
 - Level 4.8 Unarmed Combat
 - Level 9.8 Spellcasting
 - Level 5.1 Conjurations
 + Level 8.3(12.7) Transmutations
 - Level 15.0 Air Magic
 - Level 5.0(7.6) Evocations


You had 21 spell levels left.
You knew the following spells:

 Your Spells              Type           Power      Damage    Failure   Level
a - Shock                 Conj/Air       100%       1d9       1%          1
b - Static Discharge      Conj/Air       100%       2-7/arc   1%          2
c - Airstrike             Air            33%        2d(5-21)  1%          4
d - Swiftness             Air            67%        N/A       1%          3

Your spell library contained the following spells:

 Spells                   Type           Power      Damage    Failure   Level
 Magic Dart               Conj           100%       1d8       1%          1
 Searing Ray              Conj           66%        2d6       1%          2
 Spider Form              Tmut/Pois      40%        N/A       1%          3
 Ice Form                 Ice/Tmut       55%        N/A       4%          4
 Silence                  Hex/Air        21%        N/A       8%          5
 Ensorcelled Hibernation  Hex/Ice        32%        N/A       10%         2
 Frozen Ramparts          Ice            32%        1d5       19%         3
 Fulminant Prism          Conj/Hex       11%        3d9       22%         4
 Iskenderun's Mystic Bla  Conj/Tloc      22%        2d6       22%         4
 Anguish                  Hex/Necr       5%         N/A       50%         4
 Animate Armour           Summ/Erth      22%        N/A       50%         4
 Summon Ice Beast         Ice/Summ       17%        N/A       50%         4
 Manifold Assault         Tloc           10%        N/A       52%         4
 Passage of Golubria      Tloc           10%        N/A       52%         4
 Dispersal                Tloc           5%         N/A       100%        6
 Malign Gateway           Summ/Tloc      5%         N/A       100%        7
 Disjunction              Tloc           5%         N/A       100%        8
 Lehudib's Crystal Spear  Conj/Erth      11%        10d4      100%        8


Dungeon Overview and Level Annotations

Branches:
Dungeon (12/15)            Temple (1/1) D:5            Lair (1/5) D:10
    Orc (2/2) D:11            Elf (0/3) Orc:2       Gauntlet (1/1)

Altars:
Ashenzari
Cheibriados
Dithmenos
Elyvilon
Fedhas
Gozag
Hepliaklqana
Kikubaaqudgha
Makhleb
Nemelex Xobeh
Okawaru
Qazlal
Ru
Sif Muna
Trog
Uskayaw
Vehumet
Wu Jian
Xom
Yredelemnul
Zin
The Shining One

Shops:
D:8 *   D:9 *

Annotations:
D:3 1 runed translucent door, Crazy Yiuf
Orc:1 2 transporters, Enim's ghost, journeyman DjFE Gauntlet 11 transporters, 2 runed translucent doors, exclusion: ice statue


Innate Abilities, Weirdness & Mutations

You have razor-sharp teeth.
Your natural rate of healing is unusually fast.
When hurt, damage is shared between your health and your magic reserves.
Your bite disrupts and absorbs the magic of your enemies.
Potions cannot restore your health.
You are partially covered in iridescent scales. (AC +2)
You occasionally lose the ability to drink potions when taking damage.


Message History

Confirm with . or Enter, or press ? or * to list all spells.
The redback is struck by an arc of lightning.
The redback is almost dead.
You are struck by an arc of lightning.
The redback is struck by an arc of lightning!
You kill the redback!
The moth of wrath is struck by an arc of lightning.
The moth of wrath is moderately wounded.
The lightning grounds out.
The moth of wrath is struck by an arc of lightning.
The moth of wrath is heavily wounded.
You are struck by an arc of lightning.
The moth of wrath is struck by an arc of lightning!
The moth of wrath is heavily wounded.
You are struck by an arc of lightning.
The lightning grounds out.
The moth of wrath misses you.
Casting: Static Discharge (safe; 1% risk of failure)
Confirm with . or Enter, or press ? or * to list all spells.
The moth of wrath is struck by an arc of lightning.
The moth of wrath is severely wounded.
You are struck by an arc of lightning.
The moth of wrath is struck by an arc of lightning!
The moth of wrath is severely wounded.
You are struck by an arc of lightning.
The moth of wrath is struck by an arc of lightning!
The moth of wrath is almost dead.
The lightning grounds out.
The moth of wrath bites you!!
You feel threatened and lose the ability to drink potions!
* * * LOW HITPOINT WARNING * * *
The redback misses you.
Casting: Static Discharge (safe; 1% risk of failure)
Confirm with . or Enter, or press ? or * to list all spells.
The redback is struck by an arc of lightning.
The redback is moderately wounded.
You are struck by an arc of lightning.
* * * LOW HITPOINT WARNING * * *
The moth of wrath is struck by an arc of lightning!
You kill the moth of wrath!
The lightning grounds out.
The redback bites you!
You die...

..#.©.........©.........©.#...###
..#...........©...........#...≈#
..#########################..###
.........#..!.©["..#.........≈#
#........##.##.##.##........###
#≈#≈#≈#..##.##.##..#..#≈#≈#≈#
#######..#.#.#..#..#.§#######
#≈§.#s##.#..###.§§#
#######§.#.##.#s@###.§#######
#§#≈#≈#..#..#...†..#..#≈#≈#≈#
#........###.##.##.#........###
.........###.##.##.#.........≈#
..#########################..###
..#...........©...........#...≈#
..#.©.........©.........©.#...###
#############################..≈#
#.[.©##.#.#..#©#k?#.#...©...#..##


You could see a redback.

Vanquished Creatures
  An ettin (Orc:2)
  Erolcha (D:9)
  3 hydras
  A centaur warrior (D:9)
  An ogre mage (D:10)
  2 boulder beetles
  2 two-headed ogres
  An orc high priest (Orc:1)
  Urug (D:12)
  Pikel (D:5)
  An orc knight (D:10)
  2 deep elf pyromancers
  3 cyclopes
  2 ugly things (D:10)
  A manticore (D:11)
  A moth of wrath (Gauntlet)
  Maurice (D:10)
  A black mamba (Lair:1)
  2 gargoyles (D:12)
  5 cane toads (Lair:1)
  4 elephants (Lair:1)
  A kobold demonologist (D:12)
  An ice devil (Gauntlet)
  6 komodo dragons
  3 trolls
  2 hornets
  A culicivora (shapeshifter) (D:12)
  A vampire (D:12)
  14 yaks
  5 shadows
  2 wyverns
  2 wraiths
  11 vampire mosquitoes (D:12)
  3 steam dragons
  2 redbacks (Gauntlet)
  A warg (Orc:1)
  An acid dragon (D:11)
  3 water moccasins
  9 orc warriors
  A sky beast (D:7)
  An ogre (D:7)
  9 centaurs
  3 lemures (D:5)
  A kobold brigand (D:10)
  6 bullfrogs
  2 gnoll sergeants
  2 scorpions
  5 wights (D:8)
  A troll zombie (D:11)
  3 killer bees (D:11)
  3 howler monkeys
  An electric eel (Lair:1)
  6 orc priests
  A hound (D:5)
  4 jellies
  A sleepcap (D:5)
  5 iguanas
  Ijyb (D:5)
  Natasha (thrice) (D:2)
  11 orc wizards
  7 ogre zombies (D:11)
  Robin (D:2)
  7 gnolls
  11 adders
  3 shadow imps
  7 white imps
  4 dart slugs
  46 orcs
  7 ball pythons
  6 bats
  5 endoplasms
  4 giant cockroaches
  15 goblins
  11 hobgoblins
  2 jackals (D:4)
  2 quokkas (D:1)
  3 frilled lizards (D:1)
  A goblin skeleton (D:11)
  3 goblin zombies (D:11)
  2 hobgoblin skeletons (D:11)
  3 hobgoblin zombies (D:11)
  7 kobolds
  3 orc skeletons (D:11)
  13 orc zombies (D:11)
  4 rats
352 creatures vanquished.

Vanquished Creatures (collateral kills)
  2 elephants (Lair:1)
2 creatures vanquished.

Grand Total: 354 creatures vanquished

Notes
Turn   | Place    | Note
-------+----------+-------------------------------------------
     0 | D:1      | NoAnimeNoLife the Vine Stalker Air Elementalist began the
                  | quest for the Orb.
     0 | D:1      | Reached XP level 1. HP: 9/9 MP: 4/4
   111 | D:1      | Reached XP level 2. HP: 3/13 MP: 0/6
   729 | D:1      | Reached XP level 3. HP: 16/16 MP: 1/7
  1586 | D:2      | Noticed Robin
  1600 | D:2      | Noticed Natasha
  1602 | D:2      | Gained mutation: You occasionally lose the ability to drink
                  | potions when taking damage. [potion of mutation]
  1602 | D:2      | Gained mutation: You are partially covered in iridescent
                  | scales. (AC +2) [potion of mutation]
  1604 | D:2      | Reached skill level 4 in Air Magic
  1789 | D:2      | Gained mutation: Your natural rate of healing is unusually
                  | fast. [Vine Stalker growth]
  1789 | D:2      | Reached XP level 4. HP: 21/21 MP: 0/9
  1792 | D:2      | Learned a level 2 spell: Static Discharge
  1943 | D:2      | Killed Robin
  2643 | D:2      | Killed Natasha
  2856 | D:3      | Reached XP level 5. HP: 24/24 MP: 5/11
  3522 | D:3      | Found a runed translucent door.
  3523 | D:3      | Noticed Crazy Yiuf
  4333 | D:4      | Reached skill level 5 in Air Magic
  4404 | D:4      | Learned a level 4 spell: Airstrike
  4414 | D:4      | Reached XP level 6. HP: 28/28 MP: 5/13
  5243 | D:5      | Entered Level 5 of the Dungeon
  5262 | D:5      | Reached skill level 6 in Air Magic
  5425 | D:5      | Noticed Ijyb
  5432 | D:5      | Killed Ijyb
  5797 | D:5      | Reached XP level 7. HP: 16/32 MP: 1/14
  5975 | D:5      | Found an iron altar of Okawaru.
  6376 | D:5      | Noticed Pikel
  6393 | D:5      | Killed Pikel
  6394 | D:5      | Reached skill level 8 in Air Magic
  6394 | D:5      | Gained mutation: You have razor-sharp teeth. [Vine Stalker
                  | growth]
  6394 | D:5      | Reached XP level 8. HP: 20/36 MP: 1/15
  6538 | D:5      | Found a staircase to the Ecumenical Temple.
  6550 | Temple   | Entered the Ecumenical Temple
  6826 | Temple   | Became a worshipper of Ashenzari the Shackled
  6837 | Temple   | Learned a level 3 spell: Swiftness
  7148 | D:6      | Reached skill level 9 in Air Magic
  7463 | D:6      | Reached skill level 10 in Air Magic
  8445 | D:2      | Noticed Natasha
  8448 | D:2      | Killed Natasha
  8513 | D:2      | Noticed Natasha
  8514 | D:2      | Killed Natasha
  8852 | D:7      | Reached XP level 9. HP: 39/39 MP: 11/16
  8895 | D:7      | Reached * piety under Ashenzari
  8995 | D:7      | Found a stormy altar of Qazlal.
  8997 | D:7      | Reached skill level 11 in Air Magic
  9403 | D:7      | Reached ** piety under Ashenzari
 10423 | D:8      | Found Wiyruyru's Assorted Antiques.
 10656 | D:8      | Reached skill level 12 in Air Magic
 11343 | D:8      | Reached *** piety under Ashenzari
 11963 | D:9      | Found Loovoloj's Assorted Antiques.
 12135 | D:9      | Reached skill level 13 in Air Magic
 12178 | D:9      | Found a glowing golden altar of the Shining One.
 12183 | D:9      | Found a glowing silver altar of Zin.
 12198 | D:9      | Noticed Erolcha
 12213 | D:9      | Killed Erolcha
 12214 | D:9      | Reached XP level 10. HP: 43/44 MP: 3/17
 12432 | D:9      | Noticed a centaur warrior
 13025 | D:9      | Killed a centaur warrior
 13026 | D:9      | Reached skill level 14 in Air Magic
 13405 | D:10     | Entered Level 10 of the Dungeon
 13415 | D:10     | Noticed a two-headed ogre
 13419 | D:10     | Killed a two-headed ogre
 13574 | D:10     | Reached **** piety under Ashenzari
 13804 | D:10     | Noticed a five-headed hydra
 13804 | D:10     | Noticed a purple ugly thing
 13804 | D:10     | Noticed a seven-headed hydra
 13909 | D:10     | Noticed an orc knight
 14027 | D:10     | Killed an orc knight
 14141 | D:10     | Noticed a green ugly thing
 14160 | D:10     | Killed a green ugly thing
 14162 | D:10     | Killed a purple ugly thing
 14163 | D:10     | Reached skill level 5 in Conjurations
 14163 | D:10     | Reached XP level 11. HP: 28/47 MP: 2/18
 14206 | D:10     | Noticed an ogre mage
 14280 | D:10     | Killed an ogre mage
 14295 | D:10     | Reached skill level 5 in Evocations
 14397 | D:10     | Noticed a deep elf pyromancer
 14411 | D:10     | Killed a seven-headed hydra
 14546 | D:10     | Killed a deep elf pyromancer
 14620 | D:10     | Identified the Papyrus of the Entourage and Nonlocality
 14708 | D:10     | Killed a five-headed hydra
 14709 | D:10     | Reached skill level 5 in Transmutations
 15480 | D:10     | Found a staircase to the Lair.
 15521 | D:10     | Noticed Maurice
 15535 | D:10     | Killed Maurice
 15560 | D:10     | Identified the cursed +3 whip of the Sidereal Augur {elec,
                  | Fort, Evo} (You took it off Pikel on level 5 of the
                  | Dungeon)
 15560 | D:10     | Identified the cursed +0 cloak "Mantic Desperation" {Range,
                  | Comp} (You found it on level 7 of the Dungeon)
 15560 | D:10     | Identified the cursed +2 helmet of the Enigmatic Welkin
                  | {Alch, Bglg} (You took it off Robin on level 2 of the
                  | Dungeon)
 15560 | D:10     | Identified the cursed +2 pair of gloves "Share My Chagrin"
                  | {Alch, Range} (You found it on level 3 of the Dungeon)
 15709 | D:10     | Reached skill level 5 in Spellcasting
 16266 | D:11     | Noticed a cyclops
 16271 | D:11     | Killed a cyclops
 16366 | D:11     | Noticed a manticore
 16372 | D:11     | Killed a manticore
 16952 | D:11     | Noticed a boulder beetle
 16966 | D:11     | Killed a boulder beetle
 16967 | D:11     | Reached XP level 12. HP: 38/51 MP: 0/24
 17455 | D:11     | Found a staircase to the Orcish Mines.
 18450 | D:12     | Noticed Urug
 18518 | D:12     | Noticed a boulder beetle
 19095 | D:12     | Found an ornate altar of the Wu Jian Council.
 19273 | D:12     | HP: 1/51 [gargoyle/+0 flail (6)]
 19634 | D:12     | Killed Urug
 19794 | D:12     | Killed a boulder beetle
 19795 | D:12     | Reached skill level 15 in Air Magic
 20136 | D:12     | Reached skill level 1 in Unarmed Combat
 20419 | Lair:1   | Entered Level 1 of the Lair of Beasts
 20421 | Lair:1   | Reached skill level 1 in Fighting
 20655 | Lair:1   | Reached ***** piety under Ashenzari
 21007 | Lair:1   | Reached XP level 13. HP: 41/60 MP: 5/27
 22749 | Orc:1    | Entered Level 1 of the Orcish Mines
 22750 | Orc:1    | Found a transporter.
 22756 | Orc:1    | Noticed Enim's ghost (journeyman DjFE)
 23146 | Orc:1    | Found a transporter.
 23792 | Orc:2    | Entered Level 2 of the Orcish Mines
 24011 | Orc:2    | Noticed an ettin
 24015 | Orc:2    | Killed an ettin
 24025 | Orc:2    | Found a gate leading to a gauntlet.
 24034 | Gauntlet | Entered a Gauntlet
 24034 | Gauntlet | Found a transporter.
 24034 | Gauntlet | Found a transporter.
 24136 | Gauntlet | Found a transporter.
 24154 | Gauntlet | Found a transporter.
 24154 | Gauntlet | Found a transporter.
 24154 | Gauntlet | Found a transporter.
 24156 | Gauntlet | Found a transporter.
 24157 | Gauntlet | Found a transporter.
 24168 | Gauntlet | Found a transporter.
 24169 | Gauntlet | Found the macabre finger necklace {Finger+ rN+}
 24184 | Gauntlet | Found a transporter.
 24186 | Gauntlet | Identified the +0 pair of boots of Qogox {rElec rN+}
 24193 | Gauntlet | Found a runed translucent door.
 24194 | Gauntlet | Found a transporter.
 24195 | Gauntlet | Found a runed translucent door.
 24195 | Gauntlet | Identified the ring "Nytuif" {MP+9 Int+9 Dex-4}
 24220 | Gauntlet | Found a transporter.
 24240 | Gauntlet | Found a transporter.
 24252 | Gauntlet | Found a transporter.
 24393 | Gauntlet | Slain by a redback

Illustrated notes

Levels and vault maps discovered:
D:1:      nzn_arrival_settlement, layout_basic
D:2:      layout_basic, uniq_natasha, uniq_robin
D:3:      layout_basic, uniq_crazy_yiuf_cottage
D:4:      layout_basic, kennysheep_potato
D:5:      layout_rooms, okawaru_metal_pillars_1_2,
          minmay_temple_entry_drinking_statues, uniq_pikel, uniq_ijyb
D:6:      layout_basic
D:7:      layout_layer_cave, nicolae_qazlal_beasts_of_the_sky, st_stairs_5
D:8:      layout_loops_corners, nicolae_benzene_ring,
          nicolae_inconvenience_store, minmay_fountain_box,
          minmay_increasing_density
D:9:      layout_roguey, mainiacjoe_overflow_big_doors, serial_shops, shop,
          uniq_erolcha
D:10:     minmay_the_grid_triangle_9x9_recursive_2_mashed
          [minmay_the_grid_triangle_9x9_prize_insulated,
          minmay_the_grid_triangle_9x9_swiss_cheese,
          minmay_the_grid_triangle_9x9_dagger,
          minmay_the_grid_triangle_9x9_zippers_horizontal],
          layout_irregular_city, david_lair_shrubbed,
          kennysheep_generic_room_14, uniq_maurice
D:11:     layout_roguey, zombieorc2_lemuel
D:12:     layout_loops_ring, nicolae_wu_jian_immortal_techniques, uniq_urug
Temple:   dpeg_five_rooms_temple
Lair:1:   cheibrodos_lair_river_kwai, layout_hall_layers,
          infiniplex_staircase_pool, grunt_megastairs_2
Orc:1:    layout_caves, gammafunk_ghost_arena
Orc:2:    pf_orc_diabolical, layout_diamond_mine, basic_altar,
          gauntlet_entry_generic, mines2_lemuel
Gauntlet: gammafunk_gauntlet_mixed_choke_point [minmay_gauntlet_arena_77_museum,
          minmay_gauntlet_arena_77_braids, minmay_gauntlet_arena_77_two_lines,
          gammafunk_gauntlet_arena_crates,
          minmay_gauntlet_arena_77_double_cross, minmay_gauntlet_arena_77_mess,
          minmay_gauntlet_arena_77_cramped, gauntlet_exit_watery]

Skill      XL: |  1  2  3  4  5  6  7  8  9 10 11 12 13 |
---------------+----------------------------------------+-----
Air Magic      | 4 5 6 8 10 13 14 15 | 15.0
Spellcasting   | 3 4 7 9 |  9.8
Stealth        | 3 |  3.8
Conjurations   | 5 |  5.1
Evocations     | 4 5 |  5.0
Transmutations | 6 8 |  8.3
Dodging        | 3 4 |  4.5
Unarmed Combat | 3 4 |  4.8
Fighting       | 3 4 |  4.5

Action                     |  1- 3 |  4- 6 |  7- 9 | 10-12 | 13-15 || total
---------------------------+-------+-------+-------+-------+-------++-------
  Melee: Dagger            |    15 |    17 |     2 |       |       ||    34
         Bite              |     7 |     6 |     1 |    19 |    21 ||    54
         Whip              |       |       |     8 |    84 |    51 ||   143
         Punch             |       |       |     1 |     3 |     3 ||     7
         Unarmed           |       |       |       |     2 |       ||     2
   Cast: Shock             |    88 |   140 |   156 |   199 |     9 ||   592
         Static Discharge  |       |    15 |    14 |     8 |     6 ||    43
         Airstrike         |       |       |    28 |   179 |    93 ||   300
 Invoke: Curse Item        |       |       |     5 |     3 |       ||     8
         Shatter the Chain |       |       |       |       |     2 ||     2
  Evoke: Wand              |       |       |    11 |    18 |     2 ||    31
         Phantom mirror    |       |       |       |     3 |       ||     3
         Box of beasts     |       |       |       |     1 |       ||     1
    Use: Scroll            |     2 |     1 |    10 |     1 |       ||    14
         Potion            |     2 |       |       |       |       ||     2
 Armour: Robe              |    12 |    12 |     8 |    93 |    32 ||   157
  Dodge: Dodged            |    26 |    41 |    35 |   183 |    50 ||   335

Table legend: (Time is in decaauts)
 A = Elapsed time spent in this place.
 B = Non-inter-level travel time spent in this place.
 C = Inter-level travel time spent in this place.
 D = Time resting spent in this place.
 E = Time spent auto-exploring this place.
 F = Levels seen in this place.
 G = Mean time per level.
                   A        B        C        D        E       F      G
               +--------+--------+--------+--------+--------+-----+--------+
         Total |  24425 |  23552 |    873 |   3188 |  17647 |  17 | 1436.8 |
       Dungeon |  20200 |  19410 |    790 |   3022 |  14246 |  12 | 1683.3 |
        Temple |    321 |    286 |     35 |      0 |    260 |   1 |  321.0 |
          Lair |   2255 |   2221 |     34 |      8 |   2008 |   1 | 2255.0 |
  Orcish Mines |   1289 |   1275 |     14 |    158 |    911 |   2 |  644.5 |
      Gauntlet |    359 |    359 |      0 |      0 |    222 |   1 |  359.0 |
               +--------+--------+--------+--------+--------+-----+--------+

Top non-repeatable levels by time:
    D:10: 2540 daAuts
    D:11: 2451 daAuts
  Lair:1: 2255 daAuts
    D:12: 2115 daAuts
     D:7: 1755 daAuts
     D:8: 1678 daAuts
     D:5: 1577 daAuts
     D:2: 1504 daAuts
     D:1: 1417 daAuts
     D:9: 1337 daAuts
     D:4: 1301 daAuts
     D:6: 1291 daAuts
     D:3: 1230 daAuts
   Orc:1: 1108 daAuts
Gauntlet: 359 daAuts
